 Dungeon Crawl Stone Soup version 0.23.2-40-g277498a (webtiles) character file.

Game seed: 8817857434568820309

2173 taoistronin the Spear-Bearer (level 9, -9/78 HPs)
             Began as a Minotaur Berserker on Aug 4, 2019.
             Was an Elder of Trog.
             Mangled by a killer bee (10 damage)
             ... on level 7 of the Dungeon on Sept 1, 2019.
             The game lasted 00:41:05 (8109 turns).

taoistronin the Spear-Bearer (Minotaur Berserker)   Turns: 8109, Time: 00:41:06

Health: -9/78      AC: -2    Str: 24    XL:     9   Next: 11%
Magic:  8/8        EV: 12    Int:  4    God:    Trog [****..]
Gold:   305        SH: 18    Dex: 11    Spells: 8/8 levels left

rFire    . . .     SeeInvis .   D - +3 spear "Gadiotum" {holy, rElec}
rCold    . . .     Gourm    .   I - +2 shield
rNeg     . . .     Faith    .   F - +0 plate armour
rPois    .         Spirit   .   (helmet restricted)
rElec    +         Reflect  +   f - +0 cloak
rCorr    .         Harm     .   (no gloves)
MR       +....                  (no boots)
Stlth    ..........             k - +5 amulet of reflection
HPRegen  0.23/turn              z - ring of protection from magic
MPRegen  0.11/turn              G - +5 ring of evasion

@: lethally poisoned (-9 -> -10), corroded, berserk cooldown, slowed, very slow
A: retaliatory headbutt, horns 2
a: Berserk, Trog's Hand, Brothers in Arms, Renounce Religion


You were on level 7 of the Dungeon.
You worshipped Trog.
Trog was greatly pleased with you.
You were very hungry.

You visited 2 branches of the dungeon, and saw 8 of its levels.

You collected 305 gold pieces.

Inventory:

Hand Weapons
 a - a +0 spear
 e - a +1 trident
 s - a +2 hand crossbow
 w - a +0 hunting sling
 D - the +3 spear "Gadiotum" (weapon) {holy, rElec}
   (You found it on level 4 of the Dungeon)

   It has been blessed by the Shining One to cause great damage to the undead
   and demons.
   It insulates you from electricity.
Missiles
 o - 29 arrows
 x - 87 bolts (quivered)
Armour
 f - a +0 cloak (worn)
 F - a +0 plate armour (worn)
 I - a +2 shield (worn)
Jewellery
 k - a +5 amulet of reflection (around neck)
 z - a ring of protection from magic (left hand)
 G - a +5 ring of evasion (right hand)
 L - an uncursed ring of protection from cold
Wands
 y - a wand of enslavement (5)
 B - a wand of random effects (16)
Scrolls
 b - 2 scrolls of immolation {unknown}
 d - a scroll of magic mapping
 g - a scroll of amnesia {unknown}
 l - 5 scrolls of teleportation
 m - 4 scrolls of remove curse
 p - a scroll of noise {unknown}
 q - a scroll of enchant armour {unknown}
 r - 4 scrolls of fog
 v - 7 scrolls of identify
 J - 2 scrolls of enchant weapon
Potions
 h - a potion of lignification {unknown}
 n - 2 potions of heal wounds {unknown}
 t - 4 potions of brilliance {unknown}
 u - 2 potions of curing {unknown}
 A - 3 potions of degeneration {unknown}
 E - a potion of resistance {unknown}
 H - a potion of flight {unknown}
 K - a potion of haste
Comestibles
 c - 11 rations
 i - 10 chunks of flesh


   Skills:
 + Level 6.8 Fighting
 + Level 8.5 Polearms
 + Level 6.0 Armour
 + Level 3.8 Dodging
 + Level 1.5 Stealth
 + Level 8.0 Shields


You had 8 spell levels left.
You didn't know any spells.
Your spell library was empty.

Dungeon Overview and Level Annotations

Branches:
Dungeon (7/15)             Temple (1/1) D:4

Altars:
Ashenzari
Cheibriados
Dithmenos
Elyvilon
Fedhas
Gozag
Hepliaklqana
Kikubaaqudgha
Makhleb
Nemelex Xobeh
Okawaru
Qazlal
Ru
Sif Muna
Trog
Uskayaw
Vehumet
Wu Jian
Xom
Yredelemnul
Zin
The Shining One

Shops:
D:4 ?


Innate Abilities, Weirdness & Mutations

You reflexively headbutt those who attack you in melee.
You have a pair of horns on your head.


Message History

You block the killer bee's attack.
You miss the killer bee. Your headbutt misses the killer bee.
The killer bee is severely wounded.
You block the killer bee's attack. x2
You miss the killer bee. Your headbutt misses the killer bee.
The killer bee is severely wounded.
* * * LOW HITPOINT WARNING * * *
You feel sick. You block the killer bee's attack.
You miss the killer bee. Your headbutt misses the killer bee.
The killer bee is severely wounded.
You block the killer bee's attack.
Your plate armour prevents you from hitting the killer bee.
The killer bee is severely wounded.
You block the killer bee's attack.
Your plate armour prevents you from hitting the killer bee.
The killer bee is severely wounded.
You are no longer berserk.
You are exhausted.
You feel yourself slow down. The killer bee stings you!
You die...

#.##.....#
#........####### ###
#........#.....####..
###...###..###.#.....
#....###.##.......#.
##...........###.....
#.....###.### #.##..
.....##.###..# #.#...
.##[. #@# .## .....#.
#.# #y# #. .....##.
#. #y# .. ......#..
... ......... ..#.#
........# y.. ..
......## #... ...
.... ..#. ... ...
..... .... ..


You could see 2 killer bees.

Vanquished Creatures
  Sigmund (D:2)
  A hungry ghost (D:7)
  Menkaure (D:6)
  Duvessa (D:6)
  2 sky beasts
  A black bear (D:6)
  2 ogres
  A bullfrog (D:6)
  Dowan (D:6)
  A scorpion (D:5)
  A killer bee (D:7)
  2 howler monkeys (D:4)
  2 hounds
  A gnoll shaman (D:6)
  A jelly (D:7)
  7 orc wizards
  3 orc priests
  Crazy Yiuf (D:3)
  Jessica (D:2)
  3 iguanas
  3 worker ants
  A hound skeleton (D:6)
  8 adders
  8 gnolls
  2 shadow imps
  4 worms
  3 dart slugs
  11 leopard geckos
  18 orcs
  12 bats
  8 giant cockroaches
  11 goblins
  15 hobgoblins
  8 jackals
  A quokka (D:5)
  2 ball pythons
  A frilled lizard (D:2)
  A jackal skeleton (D:6)
  7 kobolds
  10 rats
168 creatures vanquished.

Vanquished Creatures (others)
  A goblin (D:2)
1 creature vanquished.

Grand Total: 169 creatures vanquished

Notes
Turn   | Place    | Note
-------+----------+-------------------------------------------
     0 | D:1      | taoistronin the Minotaur Berserker began the quest for the
                  | Orb.
     0 | D:1      | Reached XP level 1. HP: 19/19 MP: 0/0
   309 | D:1      | Reached XP level 2. HP: 24/27 MP: 1/1
   670 | D:1      | Reached ** piety under Trog
   771 | D:1      | Reached XP level 3. HP: 32/33 MP: 2/2
  1308 | D:2      | Noticed Jessica
  1312 | D:2      | Killed Jessica
  1417 | D:2      | Reached XP level 4. HP: 41/41 MP: 3/3
  1586 | D:2      | Noticed Sigmund
  1599 | D:2      | Killed Sigmund
  1599 | D:2      | Reached skill level 5 in Fighting
  1599 | D:2      | Reached skill level 5 in Polearms
  1599 | D:2      | Reached skill level 1 in Stealth
  1599 | D:2      | Reached skill level 1 in Shields
  1599 | D:2      | Reached XP level 5. HP: 48/48 MP: 4/4
  1897 | D:2      | Reached *** piety under Trog
  2214 | D:3      | Reached XP level 6. HP: 52/56 MP: 5/5
  2564 | D:3      | Found a runed translucent door.
  2565 | D:3      | Noticed Crazy Yiuf
  2576 | D:3      | Killed Crazy Yiuf
  2972 | D:3      | Found a hide-covered altar of Uskayaw.
  3338 | D:4      | Got a crystal spear
  3339 | D:4      | Identified the +3 spear "Gadiotum" {holy, rElec} (You found
                  | it on level 4 of the Dungeon)
  3372 | D:4      | Reached **** piety under Trog
  5445 | D:4      | Reached XP level 7. HP: 58/61 MP: 6/6
  5559 | D:4      | Found Evvulonut's Magic Scroll Shop.
  5602 | D:4      | Upgraded the game from 0.23.2-33-g5129a83 to
                  | 0.23.2-40-g277498a
  5620 | D:4      | Found a staircase to the Ecumenical Temple.
  5631 | Temple   | Entered the Ecumenical Temple
  6218 | D:5      | Entered Level 5 of the Dungeon
  6415 | D:5      | Received a gift from Trog
  6548 | D:5      | Reached XP level 8. HP: 51/70 MP: 7/7
  6949 | D:6      | Reached skill level 5 in Shields
  7149 | D:6      | Reached skill level 5 in Armour
  7160 | D:6      | Noticed Menkaure
  7172 | D:6      | Killed Menkaure
  7638 | D:6      | Noticed Dowan
  7639 | D:6      | Noticed Duvessa
  7647 | D:6      | Killed Duvessa
  7652 | D:6      | Killed Dowan
  7980 | D:7      | Reached XP level 9. HP: 69/78 MP: 8/8
  8084 | D:7      | HP: 5/117 [poisoned by a killer bee]
  8091 | D:7      | HP: 3/117 [poisoned by a killer bee]
  8098 | D:7      | HP: 2/117 [poisoned by a killer bee]
  8106 | D:7      | HP: 2/117 [poisoned by a killer bee]
  8109 | D:7      | Mangled by a killer bee

Skill      XL: |  1  2  3  4  5  6  7  8  9 |
---------------+----------------------------+-----
Polearms       | 4 5 6 7 8 |  8.5
Fighting       | 4 5 6 |  6.8
Dodging        | 3 |  3.8
Stealth        | 1 |  1.5
Shields        | 1 3 4 7 8 |  8.0
Armour         | 4 6 |  6.0

Action                   |  1- 3 |  4- 6 |  7- 9 || total
-------------------------+-------+-------+-------++-------
Melee: Spear             |    62 |   237 |   342 ||   641
       Headbutt          |    10 |    44 |    68 ||   122
Invok: Berserk           |       |       |     2 ||     2
  Use: Scroll            |       |       |    12 ||    12
 Stab: Sleeping          |     1 |       |       ||     1
  Eat: Chunk             |     2 |     1 |     5 ||     8
       Ration            |       |     4 |     1 ||     5
Armor: Animal skin       |    13 |     6 |       ||    19
       Leather armour    |       |    23 |       ||    23
       Plate armour      |       |    11 |    92 ||   103
Dodge: Dodged            |    36 |    43 |    63 ||   142
Block: Shield            |     9 |   144 |   218 ||   371
       Reflection        |       |     4 |       ||     4
